 Dungeon Crawl Stone Soup version 0.25.1-2-g60ff931df9 (webtiles) character file.

Game seed: 12190551580764464267

9497 RUZZLEFAZAZZLE the Grappler (level 11, -1/119 HPs)
             Began as a Troll Monk on Sept 2, 2020.
             Was a High Priest of Okawaru.
             Succumbed to Nessos's poison
             ... on level 2 of the Orcish Mines.
             The game lasted 00:25:49 (9095 turns).

RUZZLEFAZAZZLE the Grappler (Troll Monk)            Turns: 9095, Time: 00:25:50

Health: -1/119     AC: 10    Str: 26      XL:     11   Next: 23%
Magic:  1/20       EV: 13    Int:  6      God:    Okawaru [*****.]
Gold:   703        SH:  0    Dex: 11 (12) Spells: 10/10 levels left

rFire    . . .     SeeInvis .     - Unarmed
rCold    . . .     Gourm    +   (no shield)
rNeg     . . .     Faith    .   l - +2 robe {MR+}
rPois    .         Spirit   +   (helmet restricted)
rElec    .         Reflect  .   (no cloak)
rCorr    .         Harm     .   (gloves unavailable)
MR       ++...                  (boots unavailable)
Stlth    ++++......             j - amulet "Guergh Quwna" {Spirit Str+2 Stlth+}
HPRegen  0.69/turn              q - ring of magical power
MPRegen  0.17/turn              (no ring)

@: lethally poisoned (-1 -> -67), heroism, hasted, very quick
A: large, unfitting armour, claws 3, talons 1, icy blue scales 1, fast
metabolism 3, gourmand, magic resistance 1, regeneration 1, shaggy fur 1, tough
skin 3
a: Heroism, Finesse, Renounce Religion


You were on level 2 of the Orcish Mines.
You worshipped Okawaru.
Okawaru was extremely pleased with you.
You were completely stuffed.

You visited 4 branches of the dungeon, and saw 14 of its levels.

You collected 703 gold pieces.

Inventory:

Armour
 l - a +2 robe of magic resistance (worn)
 t - a +0 troll leather armour
Jewellery
 j - the amulet "Guergh Quwna" (around neck) {Spirit Str+2 Stlth+}
   (You found it on level 4 of the Dungeon)

   [amulet of guardian spirit]

   It causes incoming damage to be split between your health and magic.
   It affects your strength (+2).
   It makes you more stealthy.
 q - a ring of magical power (left claw)
Wands
 f - a wand of acid (10)
 o - a wand of disintegration (19)
 r - a wand of iceblast (5)
 u - a wand of random effects (26)
Scrolls
 c - a scroll of amnesia
 d - a scroll of magic mapping
 g - 3 scrolls of teleportation
 h - 2 scrolls of blinking
 k - 6 scrolls of identify
 v - 2 scrolls of vulnerability
 w - a scroll of fog
Potions
 a - 2 potions of stabbing
 e - 3 potions of ambrosia
 i - 3 potions of flight
 m - a potion of magic
 n - 2 potions of haste
 p - a potion of curing
 s - a potion of might
 x - 3 potions of brilliance
Comestibles
 b - 22 rations
 z - 9 chunks of flesh


   Skills:
 + Level 10.4(15.4) Fighting
 + Level 1.9(6.9) Armour
 + Level 3.3(8.3) Dodging
 - Level 1.0(6.0) Stealth
 + Level 12.2(17.2) Unarmed Combat
 + Level 2.2 Invocations


You had 10 spell levels left.
You didn't know any spells.
Your spell library contained the following spells:

 Spells                   Type           Power        Failure   Level  Hunger
 Magic Dart               Conj           #...         45%         1    ##.....
 Searing Ray              Conj           #.....       58%         2    ###....
 Dazzling Flash           Conj/Hex       #.....       83%         3    ####...
 Fulminant Prism          Conj/Hex       #.........   99%         4    #####..
 Iskenderun's Mystic Bla  Conj/Tloc      #.......     99%         4    #####..
 Summon Lightning Spire   Summ/Air       #.......     99%         4    #####..
 Silence                  Hex/Air        #.........   100%        5    ######.
 Conjure Ball Lightning   Conj/Air       #.........   100%        6    #######
 Tornado                  Air            #.........   100%        9    #######


Dungeon Overview and Level Annotations

Branches:
Dungeon (10/15)            Temple (1/1) D:7            Lair (1/6) D:8
    Orc (2/2) D:10
    Elf: Orc:2

Altars:
Ashenzari
Cheibriados
Dithmenos
Elyvilon
Fedhas
Gozag
Hepliaklqana
Kikubaaqudgha
Makhleb
Nemelex Xobeh
Okawaru
Qazlal
Ru
Sif Muna
Trog
Uskayaw
Vehumet
Wu Jian
Xom
Yredelemnul
Zin
The Shining One

Shops:
D:4 [   D:5 =   D:8 (   D:10 !

Annotations:
Orc:2 1 runed translucent door, Nessos


Innate Abilities, Weirdness & Mutations

You are too large for most types of armour.
You have claws for hands.
Your metabolism is lightning-fast.
You like to eat raw meat.
Your natural rate of healing is unusually fast.
You are covered in fur. (AC +1)
You have extremely tough skin. (AC +3)
You have sharp toenails.
You are partially covered in icy blue scales. (AC +2)
You are resistant to hostile enchantments. (MR+)


Message History

You feel very sick.
Nessos blinks!
Nessos shoots an arrow.
The arrow hits you! The arrow burns you.
You are more poisoned.
You feel very sick.
Nessos shoots an arrow.
The arrow hits you!!
* * * LOW HITPOINT WARNING * * *
The arrow burns you!
You are more poisoned.
* * * LOW HITPOINT WARNING * * *
You see here an arrow.
* * * LOW HITPOINT WARNING * * *
You feel very sick.
Nessos pounds the earth with their hooves.
Nessos shoots an arrow.
The arrow hits you!
* * * LOW HITPOINT WARNING * * *
The arrow burns you.
You are more poisoned.
* * * LOW HITPOINT WARNING * * *
You see here an arrow.
You die...

#............ #.
.................
...........#..#..
...........#...##
..............#..
.........c.......
.......).........
........<....## ###
#.......ยง)..@#######.##
##........#.(#..##....#
............((.(.....##
.............#......##
.......#.........####
................#..##
....................#
..........#.........##
.#..#..........#...#


You could see Nessos (fast).

Vanquished Creatures
  A two-headed ogre (D:10)
  Pikel (D:9)
  An orc sorcerer (D:10)
  An efreet (D:9)
  3 trolls
  2 hippogriffs (D:10)
  A shadow (D:9)
  A wyvern (D:9)
  Sigmund (D:2)
  4 yaks
  3 hogs (D:8)
  A human (D:8)
  A hungry ghost (D:10)
  Menkaure (D:4)
  5 orc warriors
  A sky beast (D:5)
  A phantom (D:7)
  A black bear (D:10)
  2 ice beasts (D:9)
  7 ogres
  A centaur (D:5)
  Blork the orc (D:6)
  5 bullfrogs
  A water moccasin zombie (D:8)
  5 scorpions
  8 killer bees
  6 wights (D:6)
  2 howler monkeys
  8 crimson imps
  A quasit (D:10)
  2 bullfrog zombies
  8 orc priests
  A jelly (D:9)
  9 hounds
  12 orc wizards
  2 bullfrog skeletons
  A centaur skeleton (D:6)
  Jessica (D:3)
  5 iguanas
  Ijyb (D:5)
  Terence (D:3)
  10 worker ants
  A killer bee zombie (D:6)
  A howler monkey zombie (D:7)
  9 adders
  7 gnolls
  A howler monkey skeleton (D:4)
  3 shadow imps
  An adder skeleton (D:5)
  7 worms
  3 dart slugs
  2 leopard geckos
  48 orcs
  8 bats
  7 giant cockroaches
  2 goblins
  3 hobgoblins
  8 jackals
  2 quokkas
  4 ball pythons
  A ball python zombie (D:5)
  4 frilled lizards
  A jackal zombie (D:7)
  3 kobolds
  A leopard gecko skeleton (D:5)
  A quokka skeleton (D:7)
  6 rats
264 creatures vanquished.

Vanquished Creatures (others)
  3 slaves (D:9)
  An orc wizard (D:9)
  2 orcs (D:9)
6 creatures vanquished.

Grand Total: 270 creatures vanquished

Notes
Turn   | Place    | Note
-------+----------+-------------------------------------------
     0 | D:1      | RUZZLEFAZAZZLE the Troll Monk began the quest for the Orb.
     0 | D:1      | Reached XP level 1. HP: 22/22 MP: 0/0
   171 | D:1      | Reached XP level 2. HP: 29/29 MP: 1/1
   609 | D:2      | Noticed a howler monkey
   614 | D:2      | Reached XP level 3. HP: 31/37 MP: 2/2
   618 | D:2      | Reached skill level 4 in Unarmed Combat
   618 | D:2      | Reached XP level 4. HP: 40/45 MP: 3/3
   774 | D:2      | Noticed Sigmund
   784 | D:2      | Killed Sigmund
   784 | D:2      | Reached skill level 5 in Unarmed Combat
   784 | D:2      | Reached XP level 5. HP: 43/54 MP: 4/4
  1154 | D:2      | Reached XP level 6. HP: 60/62 MP: 5/5
  1223 | D:3      | Noticed Jessica
  1229 | D:3      | Killed Jessica
  1238 | D:3      | Noticed Terence
  1254 | D:3      | Killed Terence
  1726 | D:4      | Noticed Menkaure
  1733 | D:4      | Killed Menkaure
  1733 | D:4      | Reached skill level 6 in Unarmed Combat
  1809 | D:4      | Reached skill level 5 in Fighting
  1809 | D:4      | Reached XP level 7. HP: 72/72 MP: 6/6
  2088 | D:4      | Got a pitted ruby amulet
  2111 | D:4      | Identified the amulet "Guergh Quwna" {Spirit Str+2 Stlth+}
                  | (You found it on level 4 of the Dungeon)
  2113 | D:4      | Gained mutation: You have sharp toenails. [potion of
                  | mutation]
  2113 | D:4      | Gained mutation: You are resistant to hostile enchantments.
                  | (MR+) [potion of mutation]
  2113 | D:4      | Gained mutation: You are partially covered in icy blue
                  | scales. (AC +2) [potion of mutation]
  2240 | D:4      | Found Kilethom's Armour Shop.
  2713 | D:4      | Found a radiant altar of Vehumet.
  2734 | D:5      | Entered Level 5 of the Dungeon
  2738 | D:5      | Found Vuluyd's Jewellery Shop.
  2842 | D:5      | Found a glowing silver altar of Zin.
  2845 | D:5      | Found a sacrificial altar of Ru.
  3017 | D:5      | Reached skill level 7 in Unarmed Combat
  3078 | D:5      | Noticed Ijyb
  3087 | D:5      | Killed Ijyb
  3140 | D:5      | Reached XP level 8. HP: 77/83 MP: 7/7
  3770 | D:6      | Noticed Blork the orc
  3777 | D:6      | Killed Blork the orc
  3777 | D:6      | Reached skill level 8 in Unarmed Combat
  4264 | D:7      | Found a hazy altar of Hepliaklqana.
  4288 | D:7      | Reached XP level 9. HP: 70/93 MP: 6/8
  4301 | D:7      | Reached skill level 9 in Unarmed Combat
  4865 | D:7      | Found a staircase to the Ecumenical Temple.
  4882 | Temple   | Entered the Ecumenical Temple
  4936 | Temple   | Became a worshipper of Warmaster Okawaru
  4936 | Temple   | Reached * piety under Okawaru
  4936 | Temple   | Reached ** piety under Okawaru
  5808 | D:8      | Found Uguatos's Antique Weapon Shop.
  5841 | D:8      | Reached skill level 10 in Unarmed Combat
  6177 | D:8      | Found a staircase to the Lair.
  6420 | D:8      | Reached *** piety under Okawaru
  6437 | D:8      | Reached XP level 10. HP: 70/107 MP: 9/9
  6558 | Lair:1   | Entered Level 1 of the Lair of Beasts
  6748 | D:9      | Reached **** piety under Okawaru
  6778 | D:9      | Noticed Pikel
  6793 | D:9      | Killed Pikel
  6793 | D:9      | Reached skill level 11 in Unarmed Combat
  7350 | D:9      | Reached skill level 10 in Fighting
  7362 | D:9      | Reached ***** piety under Okawaru
  7684 | D:10     | Entered Level 10 of the Dungeon
  7712 | D:10     | Found Lunasa's Distillery.
  7781 | D:10     | Noticed a two-headed ogre
  7803 | D:10     | Killed a two-headed ogre
  7803 | D:10     | Reached skill level 1 in Armour
  7803 | D:10     | Reached skill level 12 in Unarmed Combat
  7803 | D:10     | Reached skill level 1 in Invocations
  7803 | D:10     | Reached XP level 11. HP: 67/118 MP: 10/10
  7942 | D:10     | Found a staircase to the Orcish Mines.
  8601 | Orc:1    | Entered Level 1 of the Orcish Mines
  8603 | Orc:1    | Noticed an orc sorcerer
  8625 | D:10     | Killed an orc sorcerer
  8898 | Orc:2    | Entered Level 2 of the Orcish Mines
  8898 | Orc:2    | Found a runed translucent gate.
  9089 | Orc:2    | Noticed Nessos
  9094 | Orc:2    | HP: 5/119 [Nessos/arrow (12)]
  9095 | Orc:2    | Succumbed to Nessos's poison

Illustrated notes

Levels and vault maps discovered:
D:1:      ebering_trefoil_3fold, layout_loops_ring
D:2:      layout_rooms, uniq_sigmund
D:3:      layout_rooms, uniq_terence, uniq_jessica
D:4:      layout_loops_corners, kennysheep_mini_moat, serial_shops, shop,
          first_ration, uniq_menkaure
D:5:      layout_basic, chequers_temple_overflow_statue_of_worship,
          serial_shops, shop, uniq_ijyb
D:6:      layout_loops_cross, uniq_blork_the_orc
D:7:      layout_layer_cave, lemuel_crystal_altar,
          minmay_temple_entry_statues_pillars
D:8:      layout_loops_ring, lair_entry_dummy, serial_shops, shop,
          grunt_livestock
D:9:      minmay_ornate_pinched, layout_basic, uniq_pikel
D:10:     layout_irregular_city, orc_0_dummy, serial_shops,
          nicolae_shop_waterfront
Temple:   hc_temple_tempest_star
Lair:1:   layout_chaotic_city, serial_bayou, serial_bayou_pond_a,
          serial_bayou_lagoon_b, serial_bayou_pond_e, serial_bayou_ford_a
Orc:1:    layout_diamond_mine, mines1_david
Orc:2:    kennysheep_orc_mage_school, layout_caves, biasface_ghost_orc_armoury,
          uniq_nessos

Skill      XL: |  1  2  3  4  5  6  7  8  9 10 11 |
---------------+----------------------------------+-----
Fighting       | 3 4 5 6 7 9 10 | 10.4
Unarmed Combat | 4 5 6 7 8 10 12 | 12.2
Armour         | 1 |  1.9
Invocations    | 1 2 |  2.2
Dodging        | 3 |  3.3
Stealth        | |  1.0

Action                   |  1- 3 |  4- 6 |  7- 9 | 10-12 || total
-------------------------+-------+-------+-------+-------++-------
Melee: Unarmed           |    49 |   120 |   333 |   202 ||   704
       Punch             |     1 |     1 |     9 |     8 ||    19
       Kick              |       |       |    73 |    59 ||   132
Invok: Heroism           |       |       |       |     2 ||     2
  Use: Potion            |       |     3 |     1 |     4 ||     8
       Scroll            |       |     5 |     6 |     3 ||    14
 Stab: Sleeping          |     2 |     2 |    17 |     2 ||    23
       Distracted        |       |       |     1 |     1 ||     2
  Eat: Chunk             |    11 |     9 |    43 |    32 ||    95
Armor: Robe              |    19 |    50 |   118 |    86 ||   273
Dodge: Dodged            |    25 |    77 |   130 |    94 ||   326
